[ AOE2 MATCH · #513869235 ]
UnrankedKhmer vs Goths
Player's team · WIN
Rival team · LOSS
[ REPLAY ANALYSIS · EXTRACTED FROM THE RECORDED GAME ]
Feudal
9:24
Castle
21:33
Imperial
41:06
| APM avg | 44.9 |
| APM peak | 91 |
| eAPM avg | 22.7 |
| Villagers / military | 104 / 124 |
Focus
⚔️ 38.6% · 🌾 61.4%
Cavalry Archer ×40 · Knight ×38 · Battle Elephant ×35 · Scout Cavalry ×11
Feudal
17:59
Castle
22:19
Imperial
—
| APM avg | 43.5 |
| APM peak | 90 |
| eAPM avg | 20.2 |
| Villagers / military | 83 / 184 |
Focus
⚔️ 48.4% · 🌾 51.6%
Spearman ×137 · Huskarl ×24 · Militia ×15 · Scorpion ×4 · Monk ×3 · Mangonel ×1
Match map
Initial resources + every placement click. Lines = walls · curves = elevation contours. ◆ gold · ⬟ stone · ● berries · ✦ relic · ◌ wall gap
Your base· Open — opponent sealed themselves in
toucan_i_am's base· ✓ Closed at 22:19 · 37t walls · 1 gate(s)
Smoothed initial terrain · ◌ = detected wall gap · hover for details
Inputs per minute
— rakou - - toucan_i_am
Build order — rakou
First 150 of 379 actions detected
| 0:01 | Queue | Villager (Male) |
| 0:01 | Queue | Villager (Male) |
| 0:01 | Queue | Villager (Male) |
| 0:02 | Queue | Villager (Male) |
| 0:02 | Build | House |
| 0:04 | Build | House |
| 1:24 | Queue | Villager (Male) |
| 1:25 | Queue | Villager (Male) |
| 1:48 | Queue | Villager (Male) |
| 1:57 | Build | Lumber Camp |
| 2:21 | Queue | Villager (Male) |
| 2:36 | Queue | Villager (Male) |
| 3:07 | Queue | Villager (Male) |
| 3:50 | Build | House |
| 3:51 | Build | House |
| 3:55 | Queue | Villager (Male) |
| 3:55 | Queue | Villager (Male) |
| 3:55 | Queue | Villager (Male) |
| 3:55 | Queue | Villager (Male) |
| 4:20 | Queue | Villager (Male) |
| 4:21 | Queue | Villager (Male) |
| 4:56 | Build | Mill |
| 4:59 | Queue | Villager (Male) |
| 5:01 | Queue | Villager (Male) |
| 5:01 | Queue | Villager (Male) |
| 5:30 | Research | Loom |
| 6:57 | Research | Feudal Age |
| 7:46 | Build | House |
| 7:48 | Build | House |
| 7:54 | Build | Palisade Wall |
| 8:50 | Build | House |
| 8:55 | Build | Palisade Wall |
| 9:00 | Build | Palisade Wall |
| 9:09 | Build | Farm |
| 9:24 | Age | Feudal Age |
| 9:37 | Build | House |
| 9:38 | Build | House |
| 10:05 | Build | Stable |
| 10:10 | Build | Farm |
| 10:17 | Queue | Villager (Male) |
| 10:18 | Queue | Villager (Male) |
| 10:19 | Research | Double-Bit Axe |
| 10:20 | Research | Horse Collar |
| 10:29 | Build | Palisade Wall |
| 11:03 | Build | Farm |
| 11:08 | Build | Farm |
| 11:14 | Queue | Scout Cavalry |
| 11:14 | Queue | Scout Cavalry |
| 11:14 | Queue | Villager (Male) |
| 11:24 | Build | House |
| 11:30 | Queue | Scout Cavalry |
| 11:36 | Build | House |
| 11:44 | Queue | Villager (Male) |
| 11:55 | Build | House |
| 12:08 | Build | Farm |
| 12:09 | Build | Farm |
| 12:30 | Queue | Villager (Male) |
| 12:33 | Build | Farm |
| 12:46 | Build | Farm |
| 12:57 | Build | Farm |
| 12:59 | Build | Farm |
| 13:04 | Queue | Villager (Male) |
| 13:11 | Queue | Villager (Male) |
| 13:27 | Queue | Scout Cavalry |
| 13:30 | Build | Farm |
| 13:38 | Build | Farm |
| 13:44 | Queue | Villager (Male) |
| 14:10 | Queue | Villager (Male) |
| 14:17 | Build | Palisade Wall |
| 14:24 | Queue | Scout Cavalry |
| 14:24 | Queue | Villager (Male) |
| 14:41 | Queue | Scout Cavalry |
| 14:42 | Queue | Villager (Male) |
| 14:56 | Queue | Scout Cavalry |
| 15:04 | Build | Mill |
| 15:09 | Build | House |
| 15:15 | Build | House |
| 15:22 | Build | Mining Camp |
| 15:23 | Queue | Villager (Male) |
| 15:24 | Queue | Villager (Male) |
| 15:31 | Queue | Villager (Male) |
| 16:03 | Queue | Scout Cavalry |
| 16:16 | Queue | Scout Cavalry |
| 16:17 | Queue | Villager (Male) |
| 16:25 | Build | House |
| 16:28 | Build | Palisade Wall |
| 16:40 | Queue | Scout Cavalry |
| 17:11 | Queue | Scout Cavalry |
| 17:11 | Queue | Villager (Male) |
| 17:45 | Queue | Villager (Male) |
| 18:53 | Research | Castle Age |
| 19:04 | Build | House |
| 19:13 | Build | House |
| 19:15 | Build | Palisade Wall |
| 19:16 | Build | Blacksmith |
| 19:18 | Build | Palisade Wall |
| 19:39 | Build | House |
| 19:42 | Build | Palisade Wall |
| 19:44 | Build | Palisade Wall |
| 19:52 | Build | House |
| 20:00 | Build | Palisade Wall |
| 20:03 | Build | Palisade Wall |
| 20:05 | Build | Palisade Wall |
| 20:16 | Build | Lumber Camp |
| 20:23 | Build | House |
| 20:27 | Build | Archery Range |
| 20:29 | Build | Archery Range |
| 20:40 | Research | Bloodlines |
| 20:40 | Research | Bloodlines |
| 20:41 | Research | Scale Barding Armor |
| 20:42 | Research | Scale Barding Armor |
| 20:42 | Research | Forging |
| 20:42 | Research | Forging |
| 20:45 | Research | Fletching |
| 20:45 | Research | Fletching |
| 20:52 | Research | Gold Mining |
| 20:52 | Research | Gold Mining |
| 21:33 | Age | Castle Age |
| 21:36 | Queue | Cavalry Archer |
| 21:36 | Queue | Cavalry Archer |
| 21:42 | Queue | Villager (Male) |
| 21:44 | Research | Bow Saw |
| 21:45 | Research | Heavy Plow |
| 21:46 | Research | Heavy Plow |
| 22:02 | Queue | Cavalry Archer |
| 22:03 | Queue | Cavalry Archer |
| 22:04 | Queue | Villager (Male) |
| 22:31 | Build | Palisade Gate |
| 22:35 | Queue | Cavalry Archer |
| 22:35 | Queue | Cavalry Archer |
| 22:35 | Queue | Villager (Male) |
| 22:43 | Build | Farm |
| 23:11 | Queue | Villager (Male) |
| 23:15 | Build | University |
| 23:17 | Research | Bodkin Arrow |
| 23:18 | Research | Bodkin Arrow |
| 23:30 | Queue | Villager (Male) |
| 23:31 | Queue | Cavalry Archer |
| 23:31 | Queue | Cavalry Archer |
| 23:41 | Queue | Villager (Male) |
| 23:41 | Queue | Villager (Male) |
| 23:50 | Build | Town Center |
| 24:09 | Queue | Cavalry Archer |
| 24:09 | Queue | Cavalry Archer |
| 24:09 | Queue | Villager (Male) |
| 24:15 | Queue | Villager (Male) |
| 24:38 | Queue | Cavalry Archer |
| 24:38 | Queue | Cavalry Archer |
| 24:38 | Queue | Villager (Male) |
| 25:49 | Build | Stable |
Build order — toucan_i_am
First 150 of 395 actions detected
| 0:00 | Queue | Villager (Male) |
| 0:00 | Queue | Villager (Male) |
| 0:00 | Queue | Villager (Male) |
| 0:01 | Queue | Villager (Male) |
| 0:01 | Queue | Villager (Male) |
| 0:02 | Build | House |
| 0:03 | Build | House |
| 1:21 | Queue | Villager (Male) |
| 1:54 | Build | Lumber Camp |
| 2:01 | Queue | Villager (Male) |
| 2:15 | Queue | Villager (Male) |
| 2:55 | Queue | Villager (Male) |
| 3:10 | Queue | Villager (Male) |
| 3:10 | Queue | Villager (Male) |
| 3:34 | Queue | Villager (Male) |
| 3:50 | Build | House |
| 3:54 | Queue | Villager (Male) |
| 4:17 | Build | House |
| 4:20 | Build | Palisade Wall |
| 4:27 | Queue | Villager (Male) |
| 4:55 | Queue | Villager (Male) |
| 4:55 | Queue | Villager (Male) |
| 4:55 | Queue | Villager (Male) |
| 5:05 | Build | Mill |
| 5:16 | Build | Barracks |
| 6:22 | Build | Palisade Wall |
| 6:23 | Build | Palisade Wall |
| 6:27 | Queue | Villager (Male) |
| 6:36 | Queue | Militia |
| 6:37 | Queue | Militia |
| 6:38 | Build | House |
| 6:51 | Build | Mining Camp |
| 6:52 | Queue | Villager (Male) |
| 7:10 | Build | Palisade Wall |
| 7:14 | Queue | Militia |
| 7:15 | Queue | Villager (Male) |
| 7:46 | Queue | Villager (Male) |
| 7:46 | Queue | Militia |
| 7:47 | Queue | Militia |
| 7:48 | Queue | Villager (Male) |
| 8:09 | Queue | Villager (Male) |
| 8:10 | Queue | Militia |
| 8:26 | Build | Mill |
| 8:31 | Queue | Villager (Male) |
| 8:32 | Queue | Militia |
| 8:43 | Build | House |
| 8:55 | Queue | Militia |
| 9:01 | Build | House |
| 9:08 | Queue | Villager (Male) |
| 9:22 | Queue | Militia |
| 9:56 | Queue | Villager (Male) |
| 9:57 | Queue | Militia |
| 10:00 | Build | House |
| 10:12 | Queue | Villager (Male) |
| 10:13 | Queue | Militia |
| 10:41 | Queue | Villager (Male) |
| 10:45 | Build | Farm |
| 10:45 | Build | Farm |
| 10:45 | Build | Farm |
| 10:46 | Build | Farm |
| 10:46 | Build | Farm |
| 11:13 | Queue | Militia |
| 11:13 | Queue | Villager (Male) |
| 11:56 | Queue | Villager (Male) |
| 11:58 | Build | Farm |
| 12:01 | Build | Mill |
| 12:10 | Queue | Villager (Male) |
| 12:19 | Build | House |
| 12:29 | Queue | Villager (Male) |
| 12:34 | Build | House |
| 12:35 | Build | Palisade Wall |
| 12:48 | Queue | Villager (Male) |
| 12:54 | Build | House |
| 12:54 | Build | Palisade Wall |
| 13:04 | Queue | Villager (Male) |
| 13:10 | Research | Loom |
| 13:14 | Research | Loom |
| 13:16 | Build | Farm |
| 13:29 | Build | Palisade Wall |
| 13:34 | Build | Palisade Wall |
| 13:37 | Build | Farm |
| 13:43 | Queue | Villager (Male) |
| 13:43 | Queue | Villager (Male) |
| 14:15 | Queue | Villager (Male) |
| 14:24 | Build | House |
| 14:27 | Build | House |
| 14:35 | Build | Farm |
| 14:39 | Build | Farm |
| 14:39 | Build | Farm |
| 14:39 | Build | Farm |
| 14:45 | Build | Lumber Camp |
| 14:54 | Build | Palisade Wall |
| 14:59 | Queue | Villager (Male) |
| 15:23 | Queue | Villager (Male) |
| 15:27 | Build | Farm |
| 15:30 | Build | Palisade Wall |
| 15:47 | Research | Feudal Age |
| 16:18 | Build | House |
| 16:26 | Queue | Villager (Male) |
| 16:39 | Build | Palisade Wall |
| 17:07 | Build | House |
| 17:15 | Build | Palisade Wall |
| 17:16 | Queue | Villager (Male) |
| 17:21 | Queue | Militia |
| 17:21 | Queue | Militia |
| 17:53 | Queue | Villager (Male) |
| 17:59 | Age | Feudal Age |
| 18:01 | Research | Man-at-Arms (upgrade) |
| 18:09 | Build | Blacksmith |
| 18:15 | Build | Market |
| 18:19 | Queue | Villager (Male) |
| 18:30 | Queue | Villager (Male) |
| 18:41 | Queue | Militia |
| 18:44 | Queue | Spearman |
| 18:52 | Queue | Villager (Male) |
| 19:25 | Research | Castle Age |
| 19:33 | Build | Mining Camp |
| 19:54 | Research | Double-Bit Axe |
| 20:27 | Build | Palisade Gate |
| 20:34 | Build | Palisade Wall |
| 20:46 | Research | Horse Collar |
| 20:49 | Build | Farm |
| 20:50 | Build | Farm |
| 20:50 | Build | Farm |
| 20:50 | Build | Farm |
| 20:50 | Build | Farm |
| 21:18 | Queue | Spearman |
| 21:49 | Research | Scale Mail Armor |
| 22:11 | Queue | Villager (Male) |
| 22:19 | Age | Castle Age |
| 22:22 | Queue | Villager (Male) |
| 22:36 | Build | Castle |
| 22:40 | Build | Lumber Camp |
| 22:45 | Research | Bow Saw |
| 22:54 | Build | Farm |
| 22:56 | Build | Farm |
| 23:02 | Queue | Spearman |
| 23:03 | Queue | Villager (Male) |
| 23:08 | Build | Farm |
| 23:08 | Build | Farm |
| 23:08 | Build | Farm |
| 23:08 | Build | Farm |
| 23:09 | Build | Farm |
| 23:09 | Build | Farm |
| 23:09 | Build | Farm |
| 23:22 | Queue | Villager (Male) |
| 23:37 | Research | Squires |
| 23:49 | Queue | Huskarl |
| 23:49 | Queue | Huskarl |
| 23:59 | Queue | Villager (Male) |
Match timeline
| 4:20 | toucan_i_am · wall_segment Palisade Wall x8 |
| 5:16 | toucan_i_am · first_building Barracks |
| 6:22 | toucan_i_am · wall_segment Palisade Wall x1 |
| 6:23 | toucan_i_am · wall_segment Palisade Wall x1 |
| 7:10 | toucan_i_am · wall_segment Palisade Wall x5 |
| 7:54 | rakou · wall_segment Palisade Wall x5 |
| 8:55 | rakou · wall_segment Palisade Wall x3 |
| 9:00 | rakou · wall_segment Palisade Wall x1 |
| 9:24 | rakou · age_up feudal |
| 10:05 | rakou · first_building Stable |
| 10:29 | rakou · wall_segment Palisade Wall x2 |
| 12:35 | toucan_i_am · wall_segment Palisade Wall x4 |
| 12:54 | toucan_i_am · wall_segment Palisade Wall x1 |
| 13:29 | toucan_i_am · wall_segment Palisade Wall x1 |
| 13:34 | toucan_i_am · wall_segment Palisade Wall x10 |
| 14:17 | rakou · wall_segment Palisade Wall x1 |
| 14:54 | toucan_i_am · wall_segment Palisade Wall x1 |
| 15:30 | toucan_i_am · wall_segment Palisade Wall x1 |
| 16:28 | rakou · wall_segment Palisade Wall x7 |
| 16:39 | toucan_i_am · wall_segment Palisade Wall x2 |
| 17:15 | toucan_i_am · wall_segment Palisade Wall x1 |
| 17:59 | toucan_i_am · age_up feudal |
| 19:15 | rakou · wall_segment Palisade Wall x1 |
| 19:18 | rakou · wall_segment Palisade Wall x1 |
| 19:42 | rakou · wall_segment Palisade Wall x8 |
| 19:44 | rakou · wall_segment Palisade Wall x4 |
| 20:00 | rakou · wall_segment Palisade Wall x2 |
| 20:03 | rakou · wall_segment Palisade Wall x2 |
| 20:05 | rakou · wall_segment Palisade Wall x6 |
| 20:27 | rakou · first_building Archery Range |
| 20:34 | toucan_i_am · wall_segment Palisade Wall x1 |
| 21:33 | rakou · age_up castle |
| 22:19 | toucan_i_am · age_up castle |
| 22:27 | toucan_i_am · first_market_buy 100 stone |
| 22:36 | toucan_i_am · first_building Castle |
| 28:00 | toucan_i_am · first_building Monastery |
| 29:31 | toucan_i_am · wall_segment Palisade Wall x1 |
| 29:33 | toucan_i_am · wall_segment Palisade Wall x1 |
| 30:37 | toucan_i_am · first_building Siege Workshop |
| 34:55 | toucan_i_am · wall_segment Palisade Wall x1 |
| 35:07 | toucan_i_am · wall_segment Palisade Wall x1 |
| 37:46 | rakou · first_market_sell 500 food |
| 41:06 | rakou · age_up imperial |
| 41:12 | toucan_i_am · resign |
[ AI ANALYSIS · 1 CREDIT ]
What really happened in this match?
Wolo.gg analyzes every decision: build order, eco, micro, common mistakes by bracket. Personalized analysis on WhatsApp or Discord in 30 seconds.
Civ guide
Khmer
Perfil
Jugador #512896